[Event "Late Titled Tuesday Blitz February 8 2022"]
[White "Sanal, Vahap"]
[Black "Papp, Petra"]
[WhiteFideId "6300545"]
[BlackFideId "739049"]
[WhiteElo "2603"]
[BlackElo "2259"]
[Result "1-0"]
[Round "01"]
[TimeControl "180+1"]
[Date "2022.02.08"]
[WhiteClock "0:01:58"]
[BlackClock "0:00:05"]

1. Nf3 d6 2. b3 e5 3. Bb2 f5 4. e3 Nf6 5. c4 g6 6. d3 Bg7 7. Nbd2 O-O 8. Be2 a5 9. a3 Nc6 10. Qc2 h6 11. O-O Be6 12. d4 exd4 13. Nxd4 Nxd4 14. Bxd4 Qe7 15. b4 axb4 16. axb4 c6 17. Qb2 Ne4 18. Nxe4 fxe4 19. Rxa8 Rxa8 20. Rd1 d5 21. cxd5 Bxd5 22. h3 Ra2 23. Bxg7 Rxb2 24. Bxb2 Qxb4 25. Be5 h5 26. Ra1 Bc4 27. Bd1 Qe1+ 28. Kh2 Qxf2 29. Ra8+ Kf7 30. Bf4 Bf1 31. Bb3+ Ke7 32. Ra2 Qe1 33. Bg8 Qb4 34. Rf2 Bc4 35. Bh6 Qb3 36. Bg5+ Ke8 37. Bh7 Bf7 38. Rd2 Qd5 39. Rxd5 cxd5 40. Bf6 b5 41. Kg3 b4 42. Kf4 Kd7 43. Kg5 Ke6 44. Bxg6 Bg8 45. Bd4 b3 46. Bxh5 Kd6 47. Bd1 Kc6 48. Bxb3 Kb5 49. Bd1 Kb4 50. h4 Be6 51. Bg4 Bg8 52. Bf5 Kc4 53. g4 Kd3 54. h5 Ke2 55. h6 Kf3 56. h7 Bxh7 57. Bxh7 1-0


[Site "https://www.chess.com"]

[Event "Late Titled Tuesday Blitz February 8 2022"]
[White "Sarana, Alexey"]
[Black "Musovic, Armin"]
[WhiteFideId "24133795"]
[BlackFideId "939935"]
[WhiteElo "2665"]
[BlackElo "2250"]
[Result "1-0"]
[Round "01"]
[TimeControl "180+1"]
[Date "2022.02.08"]
[WhiteClock "0:01:16"]
[BlackClock "0:00:10"]

1. d4 d5 2. c4 c5 3. Nf3 Nf6 4. cxd5 cxd4 5. Qxd4 Qxd5 6. Qxd5 Nxd5 7. a3 Bf5 8. Nbd2 Nf6 9. Nd4 Bd7 10. Nc4 Nc6 11. Nb5 Rc8 12. Bf4 e5 13. Nbd6+ Bxd6 14. Nxd6+ Kf8 15. Nxc8 Bxc8 16. Bg5 Ne4 17. Be3 f5 18. f3 Nf6 19. Rc1 Be6 20. Bg5 e4 21. e3 Nd5 22. Bc4 h6 23. Bf4 g5 24. Bd6+ Kf7 25. fxe4 Nxe3 26. Bxe6+ Kxe6 27. Bc5 Nxg2+ 28. Kf2 Nf4 29. exf5+ Kxf5 30. Rhd1 Re8 31. Rc2 Ne5 32. Bxa7 Ng4+ 33. Kf1 Ne3+ 34. Bxe3 Rxe3 35. Rd7 Rb3 36. a4 h5 37. Rc5+ Kg4 38. Rb5 Rf3+ 39. Ke1 Re3+ 40. Kd1 Re4 41. a5 Ra4 42. Rdxb7 Ra1+ 43. Kc2 Rh1 44. a6 Rxh2+ 45. Kb1 Ne2 46. a7 Rh1+ 47. Ka2 Nc1+ 48. Ka3 Rh3+ 49. b3 Nd3 50. Rb4+ Kf5 51. a8=Q Rh1 52. R7b5+ 1-0


[Site "https://www.chess.com"]

[Event "Late Titled Tuesday Blitz February 8 2022"]
[White "Sargsyan, Anna M."]
[Black "volunteers1998"]
[WhiteFideId "13308130"]
[WhiteElo "2271"]
[BlackElo "2218"]
[Result "0-1"]
[Round "01"]
[TimeControl "180+1"]
[Date "2022.02.09"]
[WhiteClock "0:00:09"]
[BlackClock "0:00:04"]

1. d4 f5 2. c4 Nf6 3. Nc3 g6 4. Qc2 Bg7 5. e4 d6 6. Nf3 O-O 7. e5 dxe5 8. dxe5 Ng4 9. Bf4 Nc6 10. Rd1 Qe8 11. Nb5 Ncxe5 12. Nxe5 Nxe5 13. Nxc7 Qc6 14. Nxa8 Be6 15. Nc7 Qxc7 16. Be2 Qc5 17. O-O Nc6 18. Be3 Qa5 19. b3 Rd8 20. Rxd8+ Qxd8 21. Rd1 Qc7 22. h3 Be5 23. Bf3 Kf7 24. Qe2 Bf6 25. Bd5 Bxd5 26. Rxd5 e5 27. Qd1 Ke7 28. Bc5+ Ke8 29. Bd6 Qc8 30. b4 a6 31. b5 axb5 32. cxb5 Ne7 33. Bxe7 Kxe7 34. a4 e4 35. a5 Qe6 36. Qb3 f4 37. Qa3+ Kf7 38. Qd6 e3 39. Qc7+ Be7 40. Qxf4+ Kg8 41. Re5 exf2+ 42. Kxf2 Qa2+ 43. Re2 Bc5+ 0-1


[Site "https://www.chess.com"]

[Event "Late Titled Tuesday Blitz February 8 2022"]
[White "Sarkar, Justin"]
[Black "Velikanov, Alexander"]
[WhiteFideId "2010011"]
[BlackFideId "2039290"]
[WhiteElo "2038"]
[BlackElo "2259"]
[Result "0-1"]
[Round "01"]
[TimeControl "180+1"]
[Date "2022.02.09"]
[WhiteClock "0:00:01"]
[BlackClock "0:00:47"]

1. e4 d6 2. d4 Nf6 3. Nc3 e5 4. Nf3 Nbd7 5. g4 Nxg4 6. Rg1 Ngf6 7. Be3 c6 8. Bc4 b5 9. Bb3 h6 10. a4 b4 11. Ne2 Nxe4 12. dxe5 dxe5 13. Bxf7+ Kxf7 14. Nxe5+ Kg8 15. Nxc6 Qe8 16. Qd5+ Kh7 17. Ne7 Qxe7 18. Qxa8 Ba6 19. O-O-O Bxe2 20. Rxd7 Qxd7 21. Qxe4+ Kg8 22. Bd4 Bh5 23. Bxg7 Bxg7 0-1


[Site "https://www.chess.com"]

[Event "Late Titled Tuesday Blitz February 8 2022"]
[White "Savchenko, Boris"]
[Black "Noboa Silva, Kevin"]
[WhiteFideId "4147332"]
[BlackFideId "3618471"]
[WhiteElo "2512"]
[BlackElo "2161"]
[Result "1-0"]
[Round "01"]
[TimeControl "180+1"]
[Date "2022.02.08"]
[WhiteClock "0:00:37"]
[BlackClock "0:00:02"]

1. e4 e6 2. d4 d5 3. Nc3 Nf6 4. e5 Nfd7 5. f4 c5 6. Nf3 Be7 7. Be3 O-O 8. a3 b6 9. Bd3 f5 10. Rg1 Nc6 11. Nb5 Ba6 12. a4 Nb4 13. Be2 g6 14. g4 fxg4 15. Rxg4 Kh8 16. h4 Bxb5 17. axb5 Rc8 18. c3 cxd4 19. Nxd4 Nc5 20. cxb4 Bxh4+ 21. Kd2 Ne4+ 22. Kd3 Bf2 23. Rxa7 Rc4 24. Rxh7+ Kxh7 25. Qh1+ Kg7 26. Nxe6+ Kf7 27. Nxd8+ Rxd8 28. Qh7+ Ke8 29. Rxg6 Bxe3 30. Rg8# 1-0


[Site "https://www.chess.com"]

[Event "Late Titled Tuesday Blitz February 8 2022"]
[White "Seliverstov, Vladimir"]
[Black "Meissner, Felix"]
[WhiteFideId "4192036"]
[BlackFideId "24671827"]
[WhiteElo "2489"]
[BlackElo "2350"]
[Result "1-0"]
[Round "01"]
[TimeControl "180+1"]
[Date "2022.02.09"]
[WhiteClock "0:00:14"]
[BlackClock "0:00:25"]

1. d4 Nf6 2. c4 g6 3. g3 d5 4. Bg2 Bg7 5. cxd5 Nxd5 6. e4 Nb6 7. Ne2 Nc6 8. d5 Na5 9. O-O c6 10. Nbc3 cxd5 11. exd5 Nac4 12. b3 Nd6 13. Bf4 O-O 14. Rc1 Bd7 15. Qd2 Rc8 16. Rfe1 Re8 17. Nd4 Nf5 18. Ndb5 a6 19. Na3 Nd4 20. Be5 Nf5 21. Bxg7 Kxg7 22. Ne4 Rxc1 23. Rxc1 Nc8 24. Nc4 Nfd6 25. Nc5 Bf5 26. Qd4+ Kg8 27. Re1 Nb5 28. Qd2 Ncd6 29. Ne5 Qb6 30. b4 Na3 31. Qc3 Nab5 32. Qe3 a5 33. a3 axb4 34. axb4 Nc7 35. Qf4 Na6 36. Nxa6 bxa6 37. Nc6 Qc7 38. Qe5 e6 39. Qd4 exd5 40. Rxe8+ Nxe8 41. Bxd5 Be6 42. Bxe6 Qxc6 43. Bd5 Qd6 44. Qc4 Nc7 45. Bxf7+ Kg7 46. h4 Qd7 47. Bg8 h5 48. Qb3 Nb5 49. Bc4 Nd4 50. Qb2 Qd6 51. Bxa6 Qf6 52. Qa2 Nf3+ 53. Kf1 Nh2+ 54. Kg2 Ng4 55. Bc4 Qd4 56. Qe2 Ne5 57. Be6 Nd3 58. b5 Nb4 59. Qe3 Qd6 60. Bc4 Qc7 61. Qe4 Qc5 62. Be2 Nc2 63. Bf3 Ne1+ 64. Qxe1 Qxb5 65. Qe7+ Kh6 66. Qg5+ Qxg5 67. hxg5+ Kxg5 68. Kh3 h4 69. gxh4+ Kf4 70. Bg4 g5 71. h5 Ke5 72. Kg3 Kf6 73. Kf3 Kg7 74. Ke4 Kh6 75. Kf5 Kg7 76. Kxg5 Kh7 77. f4 Kh8 78. f5 Kh7 79. f6 Kg8 80. Kg6 Kh8 81. h6 Kg8 82. f7+ Kf8 83. h7 Ke7 84. h8=Q 1-0


[Site "https://www.chess.com"]

[Event "Late Titled Tuesday Blitz February 8 2022"]
[White "Sevian, Samuel"]
[Black "Kanyamarala, Tarun"]
[WhiteFideId "2040506"]
[BlackFideId "45004714"]
[WhiteElo "2698"]
[BlackElo "2144"]
[Result "1-0"]
[Round "01"]
[TimeControl "180+1"]
[Date "2022.02.08"]
[WhiteClock "0:02:45"]
[BlackClock "0:01:55"]

1. c4 f5 2. Nc3 Nf6 3. g3 g6 4. Bg2 Bg7 5. d4 O-O 6. Nf3 d6 7. O-O Qe8 8. b3 e5 9. dxe5 Ng4 10. Ba3 Nxe5 11. Nd5 Na6 12. Qd2 Nxf3+ 13. exf3 Bxa1 14. Rxa1 Qf7 15. Bb2 Re8 16. Nf6+ Kf8 17. Qh6+ Ke7 18. Re1+ Be6 19. Qh4 Kf8 20. Nxh7+ 1-0


[Site "https://www.chess.com"]

[Event "Late Titled Tuesday Blitz February 8 2022"]
[White "Shahade, Gregory"]
[Black "Zhou, Qiyu"]
[WhiteFideId "2009064"]
[BlackFideId "505161"]
[WhiteElo "2672"]
[BlackElo "1925"]
[Result "1-0"]
[Round "01"]
[TimeControl "180+1"]
[Date "2022.02.09"]
[WhiteClock "0:00:11"]
[BlackClock "0:00:03"]

1. e4 e5 2. Nf3 Nc6 3. Bb5 a6 4. Ba4 Nf6 5. O-O b5 6. Bb3 Be7 7. d4 d6 8. h3 O-O 9. Re1 Bb7 10. c3 h6 11. Nbd2 Re8 12. Nf1 Bf8 13. Ng3 g6 14. a3 Bg7 15. Ba2 Nb8 16. Qd3 Nbd7 17. b4 Qe7 18. d5 Rad8 19. c4 c6 20. dxc6 Bxc6 21. Bb2 Nb6 22. cxb5 Bxb5 23. Qd1 Rc8 24. Bb3 Nc4 25. Bc1 Rc7 26. a4 Bd7 27. Qd3 Be6 28. b5 axb5 29. axb5 Rb8 30. Ba4 Nb6 31. Bd1 Nc4 32. Rb1 Rcb7 33. Ba4 Nb6 34. Bb3 Nfd7 35. Ba3 Nc5 36. Bxc5 dxc5 37. Bd5 Nxd5 38. exd5 Bd7 39. d6 Qe6 40. Ne4 Rxb5 41. Rbc1 Rc8 42. Red1 c4 43. Qe2 f5 44. Nc3 Rb6 45. Nd5 Rxd6 46. Rxc4 Rxc4 47. Qxc4 Kh7 48. Qh4 Bc6 49. Ng5+ Kg8 50. Nxe6 Bxd5 1-0


[Site "https://www.chess.com"]

[Event "Late Titled Tuesday Blitz February 8 2022"]
[White "Shevchenko, Kirill"]
[Black "Pesotskiy, Mikhail"]
[WhiteFideId "14129574"]
[BlackFideId "34164453"]
[WhiteElo "2624"]
[BlackElo "2010"]
[Result "1-0"]
[Round "01"]
[TimeControl "180+1"]
[Date "2022.02.08"]
[WhiteClock "0:00:30"]
[BlackClock "0:00:06"]

1. e4 e6 2. d3 c5 3. Nd2 Nc6 4. g3 g6 5. Bg2 Bg7 6. Ngf3 d6 7. O-O Nge7 8. Rb1 O-O 9. a3 b5 10. b4 cxb4 11. axb4 a5 12. bxa5 Qxa5 13. Nb3 Qa2 14. Bf4 Rd8 15. e5 dxe5 16. Ra1 Qxa1 17. Nxa1 exf4 18. Nb3 Nd5 19. Nfd2 Nd4 20. Nxd4 Bxd4 21. Nb3 Bg7 22. Qe1 Ra2 23. c4 Nc3 24. cxb5 Nxb5 25. Qb4 Nd4 26. Qb6 Ne2+ 27. Kh1 Rxd3 28. Nc5 Rc3 29. Qd8+ Bf8 30. Ne4 f3 31. Nxc3 fxg2+ 32. Kxg2 Nxc3 33. Qxc8 Nd5 34. Rb1 Kg7 35. Kg1 Bd6 36. Qc4 Ra8 37. Qc6 Be5 38. Qxa8 1-0


[Site "https://www.chess.com"]

[Event "Late Titled Tuesday Blitz February 8 2022"]
[White "Sliwicki, Damian"]
[Black "Kosteniuk, Alexandra"]
[WhiteFideId "1127128"]
[BlackFideId "4128125"]
[WhiteElo "2084"]
[BlackElo "2469"]
[Result "0-1"]
[Round "01"]
[TimeControl "180+1"]
[Date "2022.02.09"]
[WhiteClock "0:00:02"]
[BlackClock "0:00:41"]

1. e4 c6 2. Nc3 d5 3. Nf3 dxe4 4. Nxe4 Nf6 5. Qe2 Nxe4 6. Qxe4 Nd7 7. d4 Nf6 8. Qh4 Bf5 9. c3 e6 10. Ne5 Be7 11. Bg5 Nd5 12. Bxe7 Qxe7 13. Qxe7+ Kxe7 14. O-O-O f6 15. Nc4 h5 16. Re1 Kd7 17. h4 Rhe8 18. g3 b5 19. Ne3 Be4 20. Rg1 a5 21. Nxd5 exd5 22. Be2 Bg6 23. g4 Re7 24. gxh5 Bf5 25. Bg4 Rxe1+ 26. Rxe1 Bxg4 27. Rg1 f5 28. f3 Bxh5 29. Rxg7+ Kd6 30. Rg5 Bxf3 31. Rxf5 Be4 32. Rf6+ Kc7 33. h5 Rg8 34. h6 Rg1+ 35. Kd2 Rh1 36. Ke3 Rh2 37. Kf4 Rxb2 38. a3 Kb6 39. Ke5 Rc2 40. Kd6 Rxc3 41. Rf8 Rh3 42. Rb8+ Ka7 43. Rh8 Kb7 44. Kc5 Rxa3 45. Re8 Rc3+ 46. Kd6 Rh3 47. Re7+ Kb6 48. Kd7 Rxh6 49. Kc8 Rh7 50. Re8 Ra7 51. Kb8 a4 0-1


[Site "https://www.chess.com"]

[Event "Late Titled Tuesday Blitz February 8 2022"]
[White "Sloan, Julia Elizabeth"]
[Black "Postnikov, Daniil"]
[WhiteFideId "2018950"]
[BlackFideId "4166329"]
[WhiteElo "2113"]
[BlackElo "2261"]
[Result "0-1"]
[Round "01"]
[TimeControl "180+1"]
[Date "2022.02.09"]
[WhiteClock "0:01:55"]
[BlackClock "0:01:13"]

1. d4 Nf6 2. Bg5 c5 3. d5 b5 4. Nd2 Nxd5 5. Ne4 Qa5+ 6. c3 e6 7. e3 f5 8. Ng3 b4 9. cxb4 Nxb4 10. Ke2 Ba6+ 11. Kf3 Bb7+ 12. Ke2 N8c6 13. f4 h6 14. Bh4 g5 15. fxg5 hxg5 16. Bxg5 Bg7 17. Qd2 Ba6+ 18. Kf2 Nd3+ 19. Ke2 Nxb2+ 20. Ke1 Bc3 0-1


[Site "https://www.chess.com"]

[Event "Late Titled Tuesday Blitz February 8 2022"]
[White "Smirnov, Pavel"]
[Black "Peatman, Carter"]
[WhiteFideId "4123425"]
[BlackFideId "2096480"]
[WhiteElo "2571"]
[BlackElo "2427"]
[Result "1-0"]
[Round "01"]
[TimeControl "180+1"]
[Date "2022.02.09"]
[WhiteClock "0:01:50"]
[BlackClock "0:01:42"]

1. d4 d5 2. c4 dxc4 3. e3 e5 4. Bxc4 exd4 5. Nf3 Bb4+ 6. Bd2 Bxd2+ 7. Qxd2 Nf6 8. Nxd4 O-O 9. O-O c5 10. Nb5 Qe7 11. Qd6 Qxd6 12. Nxd6 a6 13. Bxf7+ Rxf7 14. Nxc8 Nc6 15. Nb6 Rd8 16. Nc3 Nb4 17. Rad1 Rff8 18. e4 Ng4 19. Nd7 Rf7 20. Nf6+ Rxf6 21. Rxd8+ Kf7 22. Rd7+ 1-0


[Site "https://www.chess.com"]

[Event "Late Titled Tuesday Blitz February 8 2022"]
[White "Solon, Nathan"]
[Black "Mirza, Diana"]
[WhiteFideId "2017229"]
[BlackFideId "2503999"]
[WhiteElo "2546"]
[BlackElo "1813"]
[Result "1-0"]
[Round "01"]
[TimeControl "180+1"]
[Date "2022.02.09"]
[WhiteClock "0:01:24"]
[BlackClock "0:00:15"]

1. d4 Nf6 2. Bg5 c6 3. Nd2 d5 4. e3 Bf5 5. Bxf6 gxf6 6. g3 e5 7. c3 Nd7 8. Bh3 Bxh3 9. Nxh3 Bd6 10. Qh5 Qe7 11. O-O O-O-O 12. a4 f5 13. Qxf5 Kb8 14. a5 h5 15. a6 b6 16. Ng5 Rdf8 17. h4 Rhg8 18. Kh1 Rg7 19. c4 Rfg8 20. cxd5 cxd5 21. Rac1 Rxg5 22. hxg5 Rxg5 23. Qh3 e4 24. Rc6 h4 25. Rfc1 Nc5 26. Qc8# 1-0


[Site "https://www.chess.com"]

[Event "Late Titled Tuesday Blitz February 8 2022"]
[White "Song, Guannan Terry"]
[Black "Niemann, Hans Moke"]
[WhiteFideId "2614189"]
[BlackFideId "2093596"]
[WhiteElo "2115"]
[BlackElo "2636"]
[Result "0-1"]
[Round "01"]
[TimeControl "180+1"]
[Date "2022.02.08"]
[WhiteClock "0:01:03"]
[BlackClock "0:01:53"]

1. e4 c5 2. Nc3 Nc6 3. f4 g6 4. Nf3 Bg7 5. Bb5 Nd4 6. O-O Nxb5 7. Nxb5 d5 8. exd5 a6 9. Nc3 Nf6 10. d4 Nxd5 11. dxc5 Be6 12. Ng5 Nxc3 13. bxc3 Bc4 14. Qxd8+ Rxd8 15. Re1 Bxc3 16. Be3 f6 17. Ne4 Bxe1 18. Rxe1 Bxa2 19. c6 bxc6 20. Bb6 Rb8 21. Bc7 Rb1 22. Nxf6+ Kf7 23. Rxb1 Bxb1 24. Ng4 Bxc2 25. Ne5+ Ke6 26. Nxc6 Be4 27. Nb4 Ra8 28. Ba5 Kd6 29. Kf2 Kc5 30. Na2 Rb8 31. Ke3 Bxg2 32. Nc3 Bc6 33. Bc7 Rb3 34. Kd3 Bb5+ 35. Kc2 Kc4 36. Ne4 Re3 37. Nd2+ Kd5 38. Bb8 Rh3 39. Nb1 Bd3+ 40. Kb2 Bxb1 41. Kxb1 Rb3+ 42. Ka2 Rxb8 43. h4 h5 44. f5 gxf5 45. Ka3 f4 46. Ka4 Rb5 47. Ka3 f3 48. Ka4 f2 49. Ka3 f1=Q 50. Ka4 Qa1# 0-1


[Site "https://www.chess.com"]

[Event "Late Titled Tuesday Blitz February 8 2022"]
[White "Suder, Jakub"]
[Black "Caruana, Fabiano"]
[WhiteFideId "1195310"]
[BlackFideId "2020009"]
[WhiteElo "2058"]
[BlackElo "2744"]
[Result "1/2-1/2"]
[Round "01"]
[TimeControl "180+1"]
[Date "2022.02.08"]
[WhiteClock "0:00:08"]
[BlackClock "0:00:08"]

1. d4 g6 2. c4 Bg7 3. Nc3 d6 4. e4 e5 5. Be3 Nc6 6. d5 Nd4 7. Nge2 Nxe2 8. Bxe2 Bh6 9. Bxh6 Nxh6 10. Qd2 Ng8 11. O-O Qe7 12. b4 Nf6 13. Qe3 O-O 14. c5 Bd7 15. f3 Nh5 16. Bb5 a6 17. Bxd7 Qxd7 18. Rac1 Kg7 19. cxd6 cxd6 20. Ne2 Rac8 21. Qb6 Nf6 22. a4 h5 23. b5 axb5 24. Qxb5 Qxb5 25. axb5 Nd7 26. Rxc8 Rxc8 27. Rc1 Rxc1+ 28. Nxc1 Nc5 29. Kf2 f5 30. Ke3 Kf6 31. Nd3 Na4 32. Kd2 g5 33. Nf2 Nc5 34. Nd3 Nb3+ 35. Ke3 h4 36. Nb2 Nd4 37. b6 fxe4 38. fxe4 Nb3 39. Nc4 Ke7 40. Kf3 Nc5 41. g3 h3 42. Na5 Kd7 43. Nc4 Na4 44. Kg4 Nc3 45. Kf3 g4+ 46. Kxg4 Nxe4 47. Kxh3 Nc3 48. Ne3 Na4 49. Kg4 Nxb6 50. h4 Ke8 51. Kf5 Kf7 52. h5 Nc8 53. g4 Ne7+ 54. Ke4 Kf6 55. Nc4 Nc8 56. Kf3 b5 57. Nd2 b4 58. Ne4+ Ke7 59. g5 b3 60. h6 b2 61. Nc3 Kf7 62. Ke4 Ne7 63. Kd3 Kg6 64. Kc2 Kxg5 65. h7 Ng6 66. Ne4+ Kh6 67. Nxd6 Kxh7 68. Kxb2 Nf4 69. Ne4 Nxd5 70. Kc2 Kg6 71. Kd3 Kf5 72. Nd6+ Kf4 73. Kc4 Nf6 74. Kd3 Ng4 75. Ke2 Nh6 76. Nc4 e4 77. Nd6 Nf5 78. Nxe4 1/2-1/2


[Site "https://www.chess.com"]

[Event "Late Titled Tuesday Blitz February 8 2022"]
[White "Svane, Rasmus"]
[Black "Borisova, Ekaterina"]
[WhiteFideId "4657101"]
[BlackFideId "34124184"]
[WhiteElo "2645"]
[BlackElo "2034"]
[Result "1-0"]
[Round "01"]
[TimeControl "180+1"]
[Date "2022.02.08"]
[WhiteClock "0:00:18"]
[BlackClock "0:00:04"]

1. Nf3 d5 2. g3 g6 3. Bg2 Bg7 4. d4 Nf6 5. O-O O-O 6. c4 c6 7. Qb3 dxc4 8. Qxc4 Bf5 9. Nc3 Ne4 10. Qb3 Qb6 11. Nh4 Qxb3 12. axb3 Nxc3 13. bxc3 Be6 14. b4 Nd7 15. b5 Bd5 16. bxc6 bxc6 17. Ra6 Nb6 18. Bxd5 cxd5 19. Ba3 Rfc8 20. Bxe7 Rxc3 21. e3 Rc7 22. Bd6 Rd7 23. Bc5 Nc4 24. Rfa1 Bf8 25. Bxa7 Kg7 26. Nf3 Na3 27. R6xa3 Bxa3 28. Bc5 Bxc5 29. Rxa8 Be7 30. Ra5 Bf6 31. Ne1 h5 32. Nd3 Rd8 33. Nf4 h4 34. Kg2 Rb8 35. Nxd5 hxg3 36. Nxf6 Kxf6 37. hxg3 Rb2 38. Kf3 Rd2 39. Ra6+ Kf5 40. g4+ Kg5 41. Kg3 f5 42. f4+ Kh6 43. gxf5 1-0


[Site "https://www.chess.com"]

[Event "Late Titled Tuesday Blitz February 8 2022"]
[White "Taichman, Ori"]
[Black "Calcada, Lucas Galvan"]
[WhiteFideId "2804069"]
[BlackFideId "22746099"]
[WhiteElo "2227"]
[BlackElo "1402"]
[Result "1-0"]
[Round "01"]
[TimeControl "180+1"]
[Date "2022.02.09"]
[WhiteClock "0:02:22"]
[BlackClock "0:01:31"]

1. e4 c5 2. Nf3 d6 3. d4 cxd4 4. Nxd4 Nf6 5. Nc3 a6 6. Bg5 e6 7. f4 Qc7 8. Qf3 Be7 9. O-O-O Nbd7 10. g4 h6 11. h4 hxg5 12. hxg5 Rxh1 13. Qxh1 Nxg4 14. Qh5 Ne3 15. Nxe6 Qb6 16. Nxg7+ Kd8 17. Qxf7 Nf8 18. Qe8+ Kc7 19. Qxe7+ Bd7 20. Nd5+ Nxd5 21. exd5 Re8 22. Nxe8+ 1-0


[Site "https://www.chess.com"]

[Event "Late Titled Tuesday Blitz February 8 2022"]
[White "Tan, Jun Ying"]
[Black "Rustemov, Alexander"]
[WhiteFideId "5710413"]
[BlackFideId "4119002"]
[WhiteElo "1827"]
[BlackElo "2830"]
[Result "1-0"]
[Round "01"]
[TimeControl "180+1"]
[Date "2022.02.09"]
[WhiteClock "0:00:08"]
[BlackClock "0:00:13"]

1. d4 f5 2. e4 fxe4 3. Nc3 Nf6 4. Bg5 Nc6 5. d5 Ne5 6. Qe2 Nf7 7. Bxf6 exf6 8. Nxe4 Be7 9. d6 cxd6 10. O-O-O O-O 11. Nc3 f5 12. Nd5 Bf6 13. Nf3 Ne5 14. Nxe5 dxe5 15. Qc4 Kh8 16. Nc7 b5 17. Qc5 Be7 18. Qxe5 d6 19. Qc3 Rb8 20. Nd5 Bg5+ 21. f4 Bh6 22. g3 Be6 23. Bg2 Rc8 24. Qd4 Rc5 25. Kb1 a5 26. Rhe1 Bg8 27. c3 Re8 28. Rxe8 Qxe8 29. Qd3 g6 30. Nf6 Qe7 31. Nxg8 Kxg8 32. Qxd6 Qxd6 33. Rxd6 Bf8 34. Rd2 b4 35. Bd5+ Kg7 36. c4 Rc7 37. Re2 Bc5 38. Kc2 Re7 39. Rxe7+ Bxe7 40. Kb3 Bc5 41. Ka4 Bg1 42. h3 Bh2 43. g4 fxg4 44. hxg4 Bxf4 45. Kxa5 Bd6 46. Kb5 Kf6 47. c5 Be5 48. Kxb4 Bxb2 49. a4 Ke7 50. Kb5 Kd7 51. a5 Bd4 52. a6 Bxc5 53. Kxc5 Ke7 54. a7 Kf6 55. a8=Q Kg5 56. Qh8 h6 57. Qg7 h5 58. gxh5 Kxh5 59. Bf7 Kh4 60. Qxg6 Kh3 61. Qg5 Kh2 62. Qg4 Kh1 63. Bd5+ Kh2 64. Qg2# 1-0


[Site "https://www.chess.com"]

[Event "Late Titled Tuesday Blitz February 8 2022"]
[White "Terletsky, Oleg"]
[Black "Ezat, Mohamed"]
[WhiteFideId "14116774"]
[BlackFideId "10600906"]
[WhiteElo "2050"]
[BlackElo "2386"]
[Result "0-1"]
[Round "01"]
[TimeControl "180+1"]
[Date "2022.02.09"]
[WhiteClock "0:00:02"]
[BlackClock "0:00:50"]

1. e4 e5 2. Nf3 Nc6 3. Nc3 Nf6 4. d4 exd4 5. Nxd4 Bb4 6. Nxc6 bxc6 7. Bd3 d5 8. exd5 cxd5 9. O-O O-O 10. Bg5 c6 11. Qf3 h6 12. Bxf6 Qxf6 13. Qxf6 gxf6 14. Ne2 Rb8 15. Ng3 Bd6 16. b3 Rb4 17. c4 a5 18. Rad1 a4 19. Nf5 Bxf5 20. Bxf5 axb3 21. axb3 Rd8 22. cxd5 cxd5 23. Rd3 Bc5 24. Rg3+ Kf8 25. Bh7 Rd6 26. Rg8+ Ke7 27. Ra1 Re6 28. g3 Re2 29. Rc1 Bb6 30. Rcc8 Rxf2 31. Rge8+ Kd6 32. Rb8 Ra2+ 33. Kf1 Rxb3 34. Red8+ Ke5 35. Re8+ Kd4 36. Rec8 Rbb2 37. Rb7 Ra1+ 0-1


[Site "https://www.chess.com"]

[Event "Late Titled Tuesday Blitz February 8 2022"]
[White "Timofeev, Artyom"]
[Black "Reprintsev, Alexander"]
[WhiteFideId "4140419"]
[BlackFideId "14100541"]
[WhiteElo "2583"]
[BlackElo "2126"]
[Result "1-0"]
[Round "01"]
[TimeControl "180+1"]
[Date "2022.02.08"]
[WhiteClock "0:00:19"]
[BlackClock "0:00:12"]

1. d4 d5 2. c4 e5 3. dxe5 d4 4. Nf3 Nc6 5. g3 Nge7 6. Bg2 Ng6 7. a3 Ngxe5 8. Nbd2 Nxf3+ 9. Nxf3 a5 10. b3 Be7 11. Bb2 Bf6 12. O-O O-O 13. Ne1 Bg4 14. Nd3 Re8 15. Re1 Qd7 16. Qd2 Rad8 17. Nf4 g6 18. Nd5 Bg7 19. Rac1 Bh3 20. Bh1 h5 21. b4 axb4 22. axb4 Qf5 23. Nxc7 Re5 24. Nd5 Rexd5 25. cxd5 Rxd5 26. Qd3 Qe6 27. Bxd5 Qxd5 28. Qf3 Qe6 29. b5 Ne5 30. Qxb7 Kh7 31. Bxd4 Ng4 32. Bxg7 Kxg7 33. Qf3 Ne5 34. Qe4 f5 35. Qd4 Kh6 36. Qe3+ g5 37. Rc5 1-0


[Site "https://www.chess.com"]

[Event "Late Titled Tuesday Blitz February 8 2022"]
[White "Todorovic, Bojan"]
[Black "Daggupati, Balaji"]
[WhiteFideId "917087"]
[BlackFideId "2090759"]
[WhiteElo "2266"]
[BlackElo "2720"]
[Result "0-1"]
[Round "01"]
[TimeControl "180+1"]
[Date "2022.02.09"]
[WhiteClock "0:01:13"]
[BlackClock "0:02:26"]

1. c4 e5 2. Nc3 Nf6 3. Nf3 Nc6 4. g3 Bc5 5. Nxe5 Bxf2+ 6. Kxf2 Nxe5 7. e4 c5 8. d4 cxd4 9. Qxd4 Nc6 10. Qd2 O-O 11. Be2 d6 12. Kg2 Re8 13. Qf4 b6 14. Rd1 Bb7 15. Rxd6 Qe7 16. Nd5 Nxd5 17. cxd5 Ne5 18. Rc6 Nxc6 19. dxc6 Bxc6 0-1


[Site "https://www.chess.com"]

[Event "Late Titled Tuesday Blitz February 8 2022"]
[White "Tomulic, Teo"]
[Black "Gledura, Benjamin"]
[WhiteFideId "14527006"]
[BlackFideId "712779"]
[WhiteElo "2174"]
[BlackElo "2326"]
[Result "0-1"]
[Round "01"]
[TimeControl "180+1"]
[Date "2022.02.09"]
[WhiteClock "0:00:06"]
[BlackClock "0:01:05"]

1. e4 c5 2. b4 cxb4 3. Bb2 e6 4. Nf3 Nc6 5. d4 d5 6. Nbd2 Nf6 7. Bd3 dxe4 8. Nxe4 Be7 9. Qe2 Nd5 10. Qd2 O-O 11. O-O h6 12. Rfe1 b6 13. a3 Bb7 14. axb4 Ncxb4 15. Bc4 Rc8 16. Bb3 a5 17. Ne5 Nf6 18. Ng3 Nbd5 19. Qe2 Bb4 20. Red1 Nf4 21. Qb5 Nxg2 22. d5 Nxd5 23. Bxd5 exd5 24. Kxg2 d4+ 25. Kg1 Rc5 26. Qe2 Qd5 0-1


[Site "https://www.chess.com"]

[Event "Late Titled Tuesday Blitz February 8 2022"]
[White "Torres Hernandez, Leslie Carolin"]
[Black "Hardaway, Brewington"]
[WhiteFideId "8400504"]
[BlackFideId "30941849"]
[WhiteElo "1920"]
[BlackElo "1768"]
[Result "0-1"]
[Round "01"]
[TimeControl "180+1"]
[Date "2022.02.09"]
[WhiteClock "0:02:41"]
[BlackClock "0:02:51"]

1. e4 e5 2. Nf3 Nf6 3. Nxe5 Nc6 4. Nf3 Nxe4 5. Nc3 d5 6. Bb5 Bc5 7. d4 Bb4 8. O-O O-O 9. Bxc6 Nxc3 10. bxc3 Bxc3 11. Bxb7 Bxb7 12. Rb1 Ba6 0-1


[Site "https://www.chess.com"]

[Event "Late Titled Tuesday Blitz February 8 2022"]
[White "Triapishko, Alexandr"]
[Black "Stankovic, Ivan G"]
[WhiteFideId "14122286"]
[BlackFideId "902837"]
[WhiteElo "2479"]
[BlackElo "2195"]
[Result "1-0"]
[Round "01"]
[TimeControl "180+1"]
[Date "2022.02.09"]
[WhiteClock "0:00:02"]
[BlackClock "0:00:01"]

1. e4 c5 2. Nf3 Nc6 3. Nc3 g6 4. d4 cxd4 5. Nxd4 Bg7 6. Nb3 Nf6 7. Be2 O-O 8. g4 d6 9. g5 Nd7 10. h4 a5 11. a4 Nc5 12. h5 Nxb3 13. cxb3 Be6 14. Be3 Nb4 15. hxg6 fxg6 16. Rc1 Rc8 17. Bd4 Bxd4 18. Qxd4 Bxb3 19. Bg4 e5 20. Qe3 Rc7 21. Kd2 Rf4 22. f3 Qxg5 23. Ne2 Rxc1 24. Rxc1 Rxg4 25. fxg4 Qxe3+ 26. Kxe3 Bxa4 27. Rc8+ Kf7 28. Rc7+ Kf6 29. Rxb7 h5 30. gxh5 gxh5 31. Ng3 h4 32. Nf5 Bc6 33. Rh7 d5 34. Nxh4 dxe4 35. Kd2 e3+ 36. Kxe3 Nd5+ 37. Kd2 Kg5 38. Nf3+ Kf4 39. Rf7+ Ke4 40. Ng5+ Kd4 41. Ne6+ Kc4 42. Rf8 e4 43. Rc8 Nb4 44. b3+ Kxb3 45. Nd4+ Kb2 46. Nxc6 Nd3 47. Rb8+ 1-0


[Site "https://www.chess.com"]